 Dungeon Crawl Stone Soup version 0.31-a0-960-g0fca184906 (webtiles) character file.

Game seed: 16742428459556170168

8182 Flugkiller the Cleaver (level 11, -1/89 HPs)
             Began as a Formicid Cinder Acolyte on Oct 23, 2023.
             Was an Elder of Ignis.
             Slain by an acid dragon (6 damage)
             ... on level 9 of the Dungeon.
             The game lasted 00:11:16 (9267 turns).

Flugkiller the Cleaver (Formicid Cinder Acolyte)    Turns: 9267, Time: 00:11:16

Health: -1/89      AC: 10    Str: 27    XL:     11   Next: 51%
Magic:  12/12      EV: 11    Int: 17    God:    Ignis [****..]
Gold:   419        SH:  0    Dex:  5    Spells: 12/12 levels left

rFire   + . .        y - +7 battleaxe
rCold   . . .        (no shield)
rNeg    . . .        G - +7 leather armour of Action {Str+4 Int+3 Dex-4}
rPois   .            (helmet unavailable)
rElec   .            B - +2 cloak {Will+}
rCorr   .            (no gloves)
SInv    +            (no boots)
Will    ++...        e - amulet of the acrobat
Stlth   +            (no ring)
HPRegen 0.34/turn    (no ring)
MPRegen 0.13/turn

%: acrobat
@: corroded
A: permanent stasis, dig shafts and tunnels, antennae 3, four strong arms
a: Dig, Shaft Self, Renounce Religion, Fiery Armour, Foxfire Swarm, Rising Flame


You were on level 9 of the Dungeon.
You worshipped Ignis.
Ignis was greatly pleased with you.
You visited 1 branch of the dungeon, and saw 9 of its levels.
You also visited: Bailey.

You collected 419 gold pieces.

Inventory:

Hand Weapons
 i - a +2 whip of venom
   (You found it on level 1 of the Dungeon)
 v - the +7 war axe "Alucirow" {heavy, rPois Will+ SInv Stlth+}
   (You found it on level 8 of the Dungeon)

   rPois:     It protects you from poison Will+: It increases your willpower.
   SInv:      It lets you see invisible.
   Stlth+:    It makes you more stealthy.
 x - a +1 hand axe of distortion
   (You took it off an orc wizard on level 7 of the Dungeon)
 y - a +7 battleaxe (weapon)
   (You took it off a wight on level 7 of the Dungeon)
 F - a +0 broad axe
   (You took it off an orc warrior in a bailey)
Missiles
 l - 2 throwing nets
 E - 9 curare-tipped darts (quivered)
Armour
 n - a +0 plate armour
   (You found it on level 2 of the Dungeon)
 o - a +0 kite shield
   (You found it on level 1 of the Dungeon)
 B - a +2 cloak of willpower (worn)
   (You took it off Maurice on level 8 of the Dungeon)
 G - the +7 leather armour of Action (worn) {Str+4 Int+3 Dex-4}
   (You found it in a bailey)

   Str+4:     It affects your strength (+4).
   Int+3:     It affects your intelligence (+3).
   Dex-4:     It affects your dexterity (-4).
Jewellery
 e - an amulet of the acrobat (around neck)
   (You found it on level 1 of the Dungeon)
 u - a ring of fire
   (You found it on level 3 of the Dungeon)
Wands
 s - a wand of light (3)
   (You found it on level 3 of the Dungeon)
 A - a wand of iceblast (6)
   (You took it off Maurice on level 8 of the Dungeon)
 C - a wand of digging (1)
   (You found it on level 8 of the Dungeon)
Scrolls
 f - 2 scrolls of vulnerability
 g - a scroll of fear {unknown}
 h - a scroll of immolation
 k - a scroll of enchant armour
 p - a scroll of amnesia {unknown}
 r - a scroll of identify
 t - a scroll of blinking {unknown}
 z - a scroll of torment {unknown}
 D - a scroll of enchant weapon {unknown}
 H - a scroll of silence {unknown}
 I - a scroll of revelation
Potions
 a - a potion of attraction {unknown}
 c - 3 potions of enlightenment
 d - 2 potions of might
 j - a potion of magic
 m - a potion of lignification {unknown}
 q - 3 potions of curing
 w - a potion of haste {unknown}
Miscellaneous
 b - a tin of tremorstones (2/2)
   (You found it in a bailey)


   Skills:
 + Level 9.2 Fighting
 * Level 12.6 Axes
 + Level 7.8 Armour
 - Level 1.1 Spellcasting
 - Level 3.0 Fire Magic
 - Level 6.0 Evocations


You had 12 spell levels left.
You didn't know any spells.
Your spell library contained the following spells:

 Spells                   Type           Power      Damage    Failure   Level
 Scorch                   Fire           22%        2d5       11%         2
 Slow                     Hex            0%         N/A       24%         1
 Ensorcelled Hibernation  Hex/Ice        0%         N/A       34%         2
 Jinxbite                 Hex            0%         N/A       34%         2
 Inner Flame              Hex/Fire       6%         N/A       36%         3
 Confusing Touch          Hex            0%         N/A       56%         3
 Sigil of Binding         Hex            0%         N/A       56%         3
 Vampiric Draining        Necr           0%         2d6       56%         3
 Anguish                  Hex/Necr       0%         N/A       93%         4
 Yara's Violent Unravell  Hex/Tmut       0%         3d3       100%        5
 Enfeeble                 Hex            0%         N/A       100%        7


Dungeon Overview and Level Annotations

Branches:
Dungeon (9/15) Zot: 26336  Temple (0/1) D:5          Bailey (visited)
   Lair: D:8-11         Orc: D:9-12

Altars:
Ashenzari
Cheibriados
Elyvilon
Gozag
Nemelex Xobeh
Qazlal
Vehumet
Xom
Yredelemnul
Zin

Shops:
D:8 !

Annotations:
D:3 3 runed translucent doors, Chipwarrior's ghost, amateur DECj; eyesofgods1's ghost, amateur DsGl


Innate Abilities, Weirdness & Mutations

You cannot be hasted, slowed, berserked, paralysed or teleported.
You can dig through walls and to a lower floor.
You have a pair of large antennae on your head. (SInv)
Your four strong arms can wield two-handed weapons with a shield.


Message History

The orc warrior misses you.
The orc priest calls upon Beogh to heal the orc warrior.
The orc warrior is healed somewhat.
You slash the orc warrior!
You kill the orc warrior!
An orc comes into view. It is wielding a +0 dagger.
Training target 6.0 for Evocations reached!
Your Evocations skill increases to level 6!
The orc priest misses you.
You hit the orc priest.
The orc priest is lightly wounded.
The orc priest closely misses you.
You slice the orc priest!!
You kill the orc priest!
An orc comes into view. It is wielding a +0 falchion.
You barely miss the orc. The orc hits you with a +0 dagger.
You slice the orc!!
You kill the orc!
You slash the orc!
You kill the orc!
No target in view!
No target in view!
No target in view!
No target in view!
No target in view!
Items here: )))) [[[[ ††††.
Found a stormy altar of Qazlal.
A bullfrog comes into view.
The bullfrog croaks.
A bullfrog is nearby!
Unknown command.
Found a scroll of identify.
The bullfrog hits you.
You slash the bullfrog!
The bullfrog is heavily wounded.
The bullfrog hits you. The bullfrog misses you.
You slice the bullfrog!!
You kill the bullfrog!
A bullfrog comes into view.
The bullfrog gives a loud, deep croak!
The bullfrog hits you but does no damage.
You slash the bullfrog!
The bullfrog is severely wounded.
The bullfrog hits you but does no damage.
You slash the bullfrog!
You kill the bullfrog!
No target in view!
HP restored.
r - a scroll of identify;
H - a scroll labelled ONIURR DEMMADD
I - a scroll of revelation
Found a scroll of teleportation.
Unknown command.
You enter the shallow water.
Moving in this stuff is going to be slow.
You enter the shallow water.
Moving in this stuff is going to be slow.
You sense a monster nearby.
You enter the shallow water.
Moving in this stuff is going to be slow.
An acid dragon comes into view.
The acid dragon roars!
An acid dragon is nearby!
The acid dragon spits acid at you. The splash of acid hits you!!
The acid corrodes you!
You hear a shout!
You hit the acid dragon.
The acid dragon is lightly wounded.
The acid dragon barely misses you. The acid dragon closely misses you.
You closely miss the acid dragon.
The acid dragon is lightly wounded.
The acid dragon bites you.
The acid dragon claws you but does no damage.
Unknown command.
You barely miss the acid dragon.
The acid dragon is lightly wounded.
The acid dragon bites you but does no damage.
The acid dragon claws you but does no damage.
You closely miss the acid dragon.
The acid dragon is lightly wounded.
The acid dragon spits acid at you. The splash of acid hits you!!
You hear a shout! x2
You hit the acid dragon but do no damage.
The acid dragon is lightly wounded.
The acid dragon bites you! The acid dragon claws you.
The acid dragon spits acid at you. The splash of acid hits you!!
* * * LOW HITPOINT WARNING * * *
Okay, then.
Okay, then.
Okay, then.
Unknown command.
Unknown command.
Aiming: Bolt of Light
Press: ? - help, Shift-Dir - straight line, f - acid dragon
Aim: an acid dragon (lightly wounded, catching its breath, 74% to hit)
The bolt of light hits the acid dragon!
The acid dragon is severely wounded.
The acid dragon is blinded.
The acid dragon bites you.
You die...

,,,,,,,,,**##....## #..........
,,,,,,,,,,.#......## ##.........
,,,,,,,***....#....####.........,
,,,,,,,* **#....................,
,,,,,,,**#*#..............##....,
*,,**,,**..#.........###..###...,
....##.#.............###..##....,
.#.##........).........##..#...#.
.#!##...........@.#........#.####
...............D..#............##
......#............$.............
..................##.........[...
#..................##............
...<..............<##............
..†......#............†..#.......
#.......####..........†..##......
.....######......................


You could see an acid dragon (blind, catching breath).

Vanquished Creatures
  A two-headed ogre (D:8)
  Maurice (D:8)
  3 kobold demonologists (D:8)
  3 yaks (D:8)
  A wyvern (D:9)
  Eustachio (D:6)
  2 steam dragons (D:8)
  2 acid dragons
  A water moccasin (D:8)
  6 orc warriors
  4 sky beasts
  3 black bears
  An ice beast (D:7)
  4 centaurs
  2 phantoms
  7 kobold brigands
  7 bullfrogs
  A gnoll sergeant (D:8)
  3 scorpions
  5 wights (D:7)
  28 killer bees
  2 howler monkeys (D:7)
  6 orc priests
  2 hounds
  A gnoll bouda (D:7)
  2 jellies (D:6)
  2 sleepcaps
  7 orc wizards
  5 adders
  3 gnolls (D:7)
  A shadow imp (D:7)
  2 white imps (D:6)
  4 ufetubi (D:6)
  2 worms (D:3)
  A dart slug (D:4)
  43 orcs
  5 bats
  9 endoplasms
  6 giant cockroaches
  10 goblins
  6 hobgoblins
  A jackal (D:4)
  4 quokkas
  11 ball pythons
  2 frilled lizards
  30 kobolds
  10 rats
263 creatures vanquished.

Notes
Turn   | Place    | Note
-------+----------+-------------------------------------------
     0 | D:1      | Flugkiller the Formicid Cinder Acolyte began the quest for
                  | the Orb.
     0 | D:1      | Reached XP level 1. HP: 18/18 MP: 2/2
   156 | D:1      | Reached XP level 2. HP: 24/24 MP: 3/3
   706 | D:2      | Reached XP level 3. HP: 29/30 MP: 4/4
  1562 | D:3      | Found a runed translucent gate.
  1563 | D:3      | Found a runed translucent gate.
  1563 | D:3      | Found a runed translucent gate.
  1564 | D:3      | Noticed eyesofgods1's ghost (amateur DsGl)
  1564 | D:3      | Noticed Chipwarrior's ghost (amateur DECj)
  1775 | D:3      | Reached XP level 4. HP: 37/37 MP: 5/5
  1952 | D:3      | Reached skill level 4 in Axes
  2293 | D:4      | Found a white marble altar of Elyvilon.
  2341 | D:4      | Noticed a phantom
  2355 | D:4      | Killed a phantom
  2356 | D:4      | Reached skill level 1 in Armour
  2356 | D:4      | Reached XP level 5. HP: 43/43 MP: 6/6
  2420 | D:4      | Identified the +0 sling of Inconvenience {heavy, Will+}
  2619 | D:4      | Reached skill level 5 in Fighting
  2693 | D:4      | Reached XP level 6. HP: 50/51 MP: 7/7
  3031 | D:4      | Reached skill level 5 in Axes
  3031 | D:4      | Reached XP level 7. HP: 47/56 MP: 8/8
  3272 | D:5      | Entered Level 5 of the Dungeon
  4069 | D:5      | Found a staircase to the Ecumenical Temple.
  4172 | D:5      | Found a broken altar of Ashenzari.
  4311 | D:6      | Reached XP level 8. HP: 32/65 MP: 9/9
  4442 | D:6      | Reached skill level 6 in Axes
  4482 | D:6      | Reached skill level 5 in Armour
  4533 | D:6      | Noticed Eustachio
  4534 | D:6      | Found a snail-covered altar of Cheibriados.
  4564 | D:6      | Killed Eustachio
  5540 | D:7      | Reached XP level 9. HP: 68/72 MP: 10/10
  5680 | D:7      | Reached skill level 7 in Axes
  6517 | D:7      | Reached skill level 8 in Axes
  6683 | D:7      | Found a shimmering altar of Xom.
  6961 | D:8      | Found Nyshugg's Distillery.
  7042 | D:8      | Noticed Maurice
  7067 | D:8      | Killed Maurice
  7068 | D:8      | Reached skill level 9 in Axes
  7068 | D:8      | Reached XP level 10. HP: 46/82 MP: 11/11
  7193 | D:8      | Identified the +7 war axe "Alucirow" {heavy, rPois Will+
                  | SInv Stlth+}
  7288 | D:8      | Reached skill level 1 in Evocations
  7298 | D:8      | Noticed a two-headed ogre
  7311 | D:8      | Killed a two-headed ogre
  7312 | D:8      | Reached skill level 10 in Axes
  7523 | D:8      | Found a radiant altar of Vehumet.
  7532 | D:8      | Reached skill level 11 in Axes
  7674 | D:8      | Noticed a kobold demonologist
  7679 | D:8      | Noticed an orange demon
  7780 | D:8      | Killed a kobold demonologist
  7781 | D:8      | Reached skill level 12 in Axes
  7781 | D:8      | Reached XP level 11. HP: 81/87 MP: 12/12
  7840 | D:8      | Found an opulent altar of Gozag.
  7869 | D:8      | Found a glowing silver altar of Zin.
  8052 | D:8      | Found a large runed translucent door.
  8054 | D:8      | Found a large runed translucent door.
  8254 | D:8      | Found a basalt altar of Yredelemnul.
  8257 | D:8      | Found a sparkling altar of Nemelex Xobeh.
  8287 | D:8      | Reached skill level 5 in Evocations
  8678 | D:9      | Found a flagged portal.
  8709 | Bailey   | Entered a bailey
  8979 | Bailey   | Found a bloodstained altar of Trog.
  8986 | Bailey   | Identified the +7 leather armour of Action {Str+4 Int+3
                  | Dex-4}
  9143 | D:9      | Found a stormy altar of Qazlal.
  9266 | D:9      | HP: 4/89 [acid dragon/splash of acid (29)]
  9267 | D:9      | Slain by an acid dragon

Illustrated notes

Levels and vault maps discovered:
D:1:      dpeg_arrival_shrine, layout_basic, minmay_tiny_reverse_x
D:2:      layout_basic
D:3:      layout_basic, gammafunk_ghost_cemetery
D:4:      layout_gridville, mainiacjoe_overflow_catwalk, minmay_unequal
D:5:      layout_cave_pods, ashenzari_altar_1, minmay_temple_entry_nine_rooms
D:6:      layout_basic, cheibriados_altar_1, lexackson_kobold_supper,
          uniq_eustachio
D:7:      lemuel_ice_spiral_2, layout_basic, lemuel_tele_altar
D:8:      layout_rooms, jmf_multi_god_temple2,
          pdpol_temple_overflow_zin_treasury_gozag_greed, serial_shops,
          nicolae_shop_hallway_stairs, minmay_ruined_shrine, uniq_maurice
D:9:      layout_cave_pools, grunt_qazlal_clouds, enter_bailey_4,
          hangedman_decor_growths, serial_bayou_crossing, uniq_harold

Skill      XL: |  1  2  3  4  5  6  7  8  9 10 11 |
---------------+----------------------------------+-----
Fighting       | 4 5 6 7 8 9 |  9.2
Axes           | 4 5 6 9 12 | 12.6
Armour         | 1 2 3 4 5 7 |  7.8
Evocations     | 4 6 |  6.0
Spellcasting   | |  1.1
Fire Magic     | |  3.0

Action                     |  1- 3 |  4- 6 |  7- 9 | 10-12 || total
---------------------------+-------+-------+-------+-------++-------
  Melee: Hand axe          |    21 |       |    96 |       ||   117
         Whip              |    72 |   109 |   300 |       ||   481
         Punch             |     1 |     3 |     7 |     1 ||    12
         Battleaxe         |       |       |     2 |   209 ||   211
 Invoke: Fiery Armour      |       |       |     2 |     3 ||     5
Ability: Dig               |       |       |       |     1 ||     1
  Evoke: Wand              |       |       |     1 |     2 ||     3
    Use: Scroll            |     1 |     5 |     4 |     1 ||    11
         Potion            |       |       |     1 |     2 ||     3
 Armour: Robe              |    30 |       |       |       ||    30
         Plate armour      |    17 |    94 |   361 |   253 ||   725
         Leather armour    |       |       |       |    22 ||    22
  Dodge: Dodged            |    48 |    48 |   183 |   149 ||   428

Table legend: (Time is in decaauts)
 A = Elapsed time spent in this place.
 B = Non-inter-level travel time spent in this place.
 C = Inter-level travel time spent in this place.
 D = Time resting spent in this place.
 E = Time spent auto-exploring this place.
 F = Levels seen in this place.
 G = Mean time per level.
                   A        B        C        D        E       F      G
               +--------+--------+--------+--------+--------+-----+--------+
         Total |   9272 |   8695 |    577 |   2442 |   4290 |  10 |  927.2 |
       Dungeon |   8927 |   8350 |    577 |   2265 |   4216 |   9 |  991.9 |
        Bailey |    344 |    344 |      0 |    177 |     74 |   1 |  344.0 |
               +--------+--------+--------+--------+--------+-----+--------+

Top non-repeatable levels by time:
     D:7: 1632 daAuts
     D:8: 1402 daAuts
     D:6: 1283 daAuts
     D:4: 1122 daAuts
     D:2: 899 daAuts
     D:5: 865 daAuts
     D:3: 796 daAuts
     D:1: 590 daAuts
  Bailey: 344 daAuts
     D:9: 334 daAuts
